Map: Orbital Shipyard

Players

Grasshopper - Winner!

  • Race: Zerg Zerg
  • League: Bronze

lesha

  • Race: Terran Terran
  • League: Gold

VOD

Have the link to the VOD?

Description

Time

  • Played on: Jan. 10, 2016, 10:08 a.m.
  • Length: 6:56
Show
View Real Time Build Order
Export as new Build Order

Grasshopper Zerg - Winner!

Build Orders: Hatch First, Roach Nydus 

Get SALT Encoding   

  12  0:01  Drone  
  13  0:12  Overlord  
  13  0:18  Drone  
  14  0:23  Drone, Extractor  
  15  0:31  Drone  
  16  0:35  Drone  
  17  0:53  Hatchery  
  17  0:55  Drone  
  17  1:10  Spawning Pool  
  16  1:12  Drone  
  16  1:16  Drone  
  18  1:20  Extractor  
  18  1:23  Drone  
  18  1:28  Overlord  
  18  1:39  Drone  
  19  1:50  Drone  
  20  1:57  Queen  
  20  2:01  Drone  
  23  2:04  Queen  
  23  2:08  Drone  
  26  2:16  Drone  
  27  2:22  Roach Warren  
  27  2:24  Extractor  
  27  2:25  Drone x2  
  27  2:30  Overlord  
  27  2:50  Drone x4  
  31  2:52  Lair  
  31  2:58  Queen  
  33  3:06  Drone x2  
  33  3:07  Drone  
  36  3:19  Roach x2  
  40  3:26  Roach x2  
  44  3:27  Overlord  
  44  3:48  Roach x4  
  52  3:57  Nydus Network  
  52  3:58  Overlord  
  51  4:17  Roach x4  
  55  4:18  Overlord  
  59  4:26  Overlord  
  59  4:36  Queen  
  61  4:46  Nydus Canal  
  61  4:54  Roach x4  
  69  5:14  Nydus Canal  
  69  5:20  Extractor  
  68  5:24  Queen x2  
  68  5:28  Spore Crawler  
  71  5:29  Spore Crawler  
  64  5:50  Roach x3  
  64  5:51  Roach x3  
  66  6:06  Roach x5  
  72  6:24  Roach x2  
Show
View Real Time Build Order
Export as new Build Order

lesha Terran 

Build Orders: Reaper Expand 

Get SALT Encoding   

  12  0:01  SCV  
  13  0:13  SCV  
  14  0:18  Supply Depot  
  14  0:25  SCV  
  15  0:39  SCV  
  15  0:40  Barracks  
  16  0:46  Refinery  
  16  0:51  SCV  
  17  1:03  SCV  
  18  1:16  SCV  
  19  1:28  Orbital Command  
  19  1:31  Reaper  
  20  1:47  Command Center  
  20  1:55  SCV  
  21  2:12  SCV  
  21  2:14  Supply Depot, Factory  
  22  2:24  SCV  
  23  2:34  Barracks Reactor  
  23  2:35  Barracks  
  23  2:49  SCV  
  23  2:59  Refinery  
  23  3:00  Factory Tech Lab  
  23  3:01  SCV  
  24  3:07  Barracks  
  24  3:09  Supply Depot  
  24  3:11  Supply Depot  
  24  3:13  Marine x2  
  24  3:17  SCV x2  
  28  3:27  Barracks Tech Lab  
  28  3:34  Marine x2  
  28  3:36  Siege Tank  
  33  3:45  SCV  
  33  3:46  Engineering Bay  
  34  3:53  Stimpack  
  35  3:57  Marine, Marauder  
  35  3:58  Marine  
  38  4:03  SCV  
  39  4:11  SCV  
  40  4:23  SCV  
  40  4:24  Marine x2  
  42  4:25  Marauder  
  45  4:34  Barracks  
  45  4:35  Barracks Reactor, Starport  
  45  4:37  SCV x2  
  47  4:58  Marine x3  
  50  5:01  Siege Tank  
  53  5:10  SCV  
  53  5:11  Orbital Command  
  53  5:13  Marine x2  
  56  5:16  Marine x2  
  56  5:18  Starport Reactor  
  58  5:23  SCV  
  58  5:25  Marine  
  60  5:29  Barracks Reactor  
  60  5:35  SCV  
  53  6:01  Marine x3  
  53  6:02  Marine x2  
  36  6:19  Marine x4  
  36  6:20  Marine  
  29  6:37  Marine  
Tags
 
Add a new tag
Caveats
  • Supply blocks, unpowered buildings, or Contaminate may cause inaccurate times.
  • Supply counts are checked every 10 seconds.